AoeStats
← tengo_hambre_3000

Arabia

510664645Analyzed
1v1 RM · 17h ago on Oct 2, 2026· 49m 50s· 2 players
Game mode
Random Map
Map size
Tiny (2 player)
Population
200
Speed
Normal
Resources
Standard
Victory
Conquest
Starting age
Dark Age
Ending age
Imperial Age
RankedLock teamsTeams togetherTeam positionsShared explorationLock speedFull tech treeHidden civsTurbo modeCheats
Victory
Defeat
🇦🇷 Chinese · Argentina
1442
+12
🇩🇪 Khmer · Germany
1358
-12
Deidarah
6:36 Loom
9:00 Feudal Age
9:39 Double-Bit Axe
16:21 Wheelbarrow
19:54 Castle Age
18:08 Horse Collar
18:15 Town Watch
18:28 Gold Mining
21:07 Bow Saw
20:58 Heavy Plow
21:52 Light Cavalry
23:19 Hand Cart
24:20 Bloodlines
24:12 Husbandry
26:13 Man-at-Arms
27:04 Long Swordsman
30:34 Scale Mail Armor
31:17 Forging
32:11 Chain Mail Armor
33:41 Iron Casting
33:55 Elite Skirmisher
38:37 Imperial Age
36:59 Fletching
38:39 Padded Archer Armor
38:39 Bodkin Arrow
39:37 Leather Archer Armor
40:44 Bracer
41:42 Ring Archer Armor
43:24 Blast Furnace
41:51 Pikeman
45:13 Halberdier
tengo_hambre_3000
0:26 Loom
9:20 Feudal Age
9:52 Double-Bit Axe
10:22 Horse Collar
17:46 Wheelbarrow
18:49 Town Watch
21:26 Castle Age
26:26 Imperial Age
24:01 Scale Mail Armor
24:15 Gold Mining
24:59 Bow Saw
26:04 Forging
26:16 Elite Skirmisher
27:52 Iron Casting
28:51 Squires
30:13 Chain Mail Armor
30:56 Arson
31:26 Fletching
32:42 Bodkin Arrow
34:21 Padded Archer Armor
37:30 Leather Archer Armor
38:37 Gold Shaft Mining
39:20 Ballistics
39:32 Light Cavalry
41:34 Ring Archer Armor
41:04 Bracer
42:20 Conscription
42:47 Ring Archer Armor
42:55 Bloodlines
42:23 Cavalier
43:45 Scale Barding Armor
45:23 Chemistry
46:05 Chain Barding Armor
46:18 Masonry
46:34 Elite Chu Ko Nu
49:56 Stone Mining
Connection lost

Rejoining the realm…

Still unreachable

The connection could not be restored.

Session expired

The server has moved on; the page needs a fresh start.